 Dungeon Crawl Stone Soup version 0.23-a0-655-g3751e1c (webtiles) character file.

7692 galech the Cleaver (level 11, -5/84 HPs)
             Began as a Demonspawn Fighter on Jan 7, 2019.
             Was an Elder of Okawaru.
             Hit by a large rock thrown by a cyclops (18 damage)
             ... on level 10 of the Dungeon.
             The game lasted 00:10:59 (9574 turns).

galech the Cleaver (Demonspawn Fighter)             Turns: 9574, Time: 00:11:00

Health: -5/84      AC: 14    Str: 17    XL:     11   Next: 0%
Magic:  0/11       EV: 12    Int: 11    God:    Okawaru [****..]
Gold:   596        SH: 11    Dex: 16    Spells: 10/10 levels left

rFire    + . .     SeeInvis .   a - +0 war axe
rCold    + . .     Gourm    .   c - +0 shield
rNeg     + . .     Faith    .   t - +3 ring mail of Mental Paralysis {rN+ rCorr}
rPois    .         Spirit   +   (helmet restricted)
rElec    .         Reflect  .   p - +0 cloak
rCorr    +         Harm     .   (no gloves)
MR       +....                  (no boots)
Stlth    +.........             l - amulet of guardian spirit
HPRegen  0.24/turn              u - ring of protection from magic
MPRegen  0.12/turn              y - +2 ring of intelligence

@: no status effects
A: horns 1, icy blue scales 3, fire resistance 1, powered by death 1
a: Heroism, Renounce Religion


You were on level 10 of the Dungeon.
You worshipped Okawaru.
Okawaru was greatly pleased with you.
You were not hungry.

You visited 2 branches of the dungeon, and saw 11 of its levels.

You collected 596 gold pieces.

Inventory:

Hand Weapons
 a - a +0 war axe (weapon)
Armour
 c - a +0 shield (worn)
 o - a +0 chain mail
 p - a +0 cloak (worn)
 t - the +3 ring mail of Mental Paralysis (worn) {rN+ rCorr}
   (You found it on level 5 of the Dungeon)

   It protects you from negative energy.
   It provides partial protection from all sources of acid and corrosion.
 v - the +5 robe of Wu Jian's Hope {MR+ Str+2}
   (You found it on level 6 of the Dungeon)

   It affects your strength (+2).
   It affects your resistance to hostile enchantments.
Jewellery
 l - an amulet of guardian spirit (around neck)
 u - a ring of protection from magic (left hand)
 y - a +2 ring of intelligence (right hand)
 F - an uncursed amulet of rage {unknown}
Wands
 w - a wand of clouds (4)
 E - a wand of disintegration (5)
Scrolls
 b - 5 scrolls of magic mapping
 d - a scroll of enchant weapon
 g - a scroll of noise
 j - a scroll of teleportation
 k - a scroll of fog {unknown}
 m - a scroll of blinking
 n - 5 scrolls of remove curse
 x - a scroll of vulnerability
 z - a scroll of summoning {unknown}
 A - 2 scrolls of enchant armour
 C - 4 scrolls of identify
Potions
 e - a potion of magic
 h - 3 potions of brilliance
 i - 2 potions of cancellation
 q - a potion of curing
 r - 3 potions of flight {unknown}
 s - 2 potions of heal wounds
 B - 3 potions of agility {unknown}
 D - a potion of might
Comestibles
 f - 23 rations


   Skills:
 + Level 7.4 Fighting
 + Level 10.3 Axes
 + Level 5.8 Armour
 + Level 4.6 Dodging
 + Level 1.5 Stealth
 + Level 7.3 Shields
 + Level 0.5 Invocations


You had 10 spell levels left.
You didn't know any spells.
Your spell library contained the following spells:

 Spells                   Type           Power        Failure   Level  Hunger
 Animate Skeleton         Necr           N/A          86%         1    ##.....
 Apportation              Tloc           #.....       86%         1    ##.....
 Confusing Touch          Hex            #.....       86%         1    ##.....
 Summon Small Mammal      Summ           #...         86%         1    ##.....
 Poisonous Vapours        Pois/Air       #.....       94%         2    ###....
 Conjure Flame            Conj/Fire      #.......     99%         3    ####...
 Mephitic Cloud           Conj/Pois/Air  #.......     99%         3    ####...
 Freezing Cloud           Conj/Ice/Air   #.........   100%        6    #######
 Ring of Flames           Chrm/Fire      #.........   100%        7    #######


Dungeon Overview and Level Annotations

Branches:
Dungeon (10/15)            Temple (1/1) D:7
   Lair: D:8-11         Orc: D:9-12

Altars:
Cheibriados
Dithmenos
Elyvilon
Gozag
Hepliaklqana
Kikubaaqudgha
Makhleb
Okawaru
Qazlal
Ru
Sif Muna
Trog
Uskayaw
Vehumet
Xom
Yredelemnul
Zin
The Shining One

Shops:
D:8 }


Innate Abilities, Weirdness & Mutations

You have a pair of small horns on your head.
You are completely covered in icy blue scales. (AC +4, rC+)
Your flesh is heat resistant. (rF+)
You regenerate a little health from kills.


Message History

You have reached level 11!
You climb upwards.
There is a stone staircase leading down, spattered with blood here.
You see here 8 needles of confusion.
You start resting.
Magic restored.
You start resting.
HP restored.
You climb downwards.
There is a stone staircase leading up, spattered with blood here.
The cyclops throws a large rock.
You block the large rock.
You see here a large rock.
The cyclops throws a large rock.
The large rock hits you!!!
You see here a large rock.
The cyclops throws a large rock.
The large rock hits you!!!
* * * LOW HITPOINT WARNING * * *
There is an open door, spattered with blood here.
You see here a large rock.
The cyclops throws a large rock.
The large rock hits you!!
You die...

##.###.## ###.####### #.
#.# #.# # # #.# #.# #
##'## #.# # ##...## #.#
#### ##.....## #.######
#^.. ##.......## #......#
#.##
#.....<((.####...#.####.##
+....<...@(..C............
#.........####...#.####.##
##.......## ##.##.# #.##
##.....## ####.# #.#
##..... #.# #.# #..####
#.# #.. #.. #.# ### #. #.#
..#


You could see a cyclops.

Vanquished Creatures
  A two-headed ogre (D:8)
  2 death yaks
  A hornet (D:9)
  A hippogriff (D:9)
  5 yaks (D:9)
  4 hogs (D:7)
  A human (D:7)
  2 hungry ghosts
  Menkaure (D:7)
  An orc warrior (D:7)
  An ice beast (D:7)
  4 sky beasts
  3 ogres
  2 phantoms
  4 centaurs
  2 big kobolds
  3 bullfrogs (D:9)
  4 scorpions
  9 killer bees
  3 howler monkeys (D:8)
  4 crimson imps
  A bullfrog zombie (D:8)
  A centaur zombie (D:8)
  3 jellies
  3 orc priests
  Crazy Yiuf (D:2)
  4 centaur skeletons
  2 hounds (D:8)
  6 iguanas
  6 orc wizards
  A bullfrog skeleton (D:6)
  8 worker ants
  4 gnolls (D:6)
  A howler monkey skeleton (D:5)
  11 adders
  2 oozes
  An adder zombie (D:6)
  A worm (D:2)
  A dart slug (D:4)
  7 leopard geckos
  18 orcs
  3 ball pythons
  3 giant cockroaches
  6 goblins
  9 hobgoblins
  9 jackals
  16 kobolds
  5 quokkas
  7 bats
  11 frilled lizards
  A jackal zombie (D:8)
  A leopard gecko skeleton (D:5)
  A quokka skeleton (D:6)
  A quokka zombie (D:5)
  6 rats
219 creatures vanquished.

Notes
Turn   | Place    | Note
-------+----------+-------------------------------------------
     0 | D:1      | galech the Demonspawn Fighter began the quest for the Orb.
     0 | D:1      | Reached XP level 1. HP: 18/18 MP: 1/1
   272 | D:1      | Gained mutation: You are partially covered in icy blue
                  | scales. (AC +2) [demonic ancestry]
   272 | D:1      | Reached XP level 2. HP: 18/24 MP: 2/2
   579 | D:2      | Reached skill level 2 in Axes
   651 | D:2      | Gained mutation: You are mostly covered in icy blue scales.
                  | (AC +3) [demonic ancestry]
   651 | D:2      | Reached XP level 3. HP: 15/29 MP: 3/3
  1122 | D:2      | Reached XP level 4. HP: 25/35 MP: 4/4
  1574 | D:2      | Reached skill level 3 in Axes
  1646 | D:2      | Found a runed door.
  1780 | D:2      | Found a hide-covered altar of Uskayaw.
  2095 | D:4      | Gained mutation: You have a pair of small horns on your
                  | head. [demonic ancestry]
  2095 | D:4      | Reached XP level 5. HP: 31/41 MP: 5/5
  2767 | D:3      | Gained mutation: Your flesh is heat resistant. (rF+)
                  | [demonic ancestry]
  2767 | D:3      | Reached XP level 6. HP: 49/49 MP: 6/6
  2890 | D:3      | Found a glowing golden altar of the Shining One.
  3419 | D:2      | Noticed Crazy Yiuf
  3428 | D:2      | Killed Crazy Yiuf
  3934 | D:4      | Reached skill level 4 in Axes
  4132 | D:5      | Entered Level 5 of the Dungeon
  4325 | D:5      | Gained mutation: You are completely covered in icy blue
                  | scales. (AC +4, rC+) [demonic ancestry]
  4325 | D:5      | Reached XP level 7. HP: 55/55 MP: 7/7
  4580 | D:5      | Found a hazy altar of Hepliaklqana.
  4582 | D:5      | Found a white marble altar of Elyvilon.
  4616 | D:5      | Got a jewelled ring mail
  4627 | D:5      | Identified the +3 ring mail of Mental Paralysis {rN+ rCorr}
                  | (You found it on level 5 of the Dungeon)
  4729 | D:5      | Reached skill level 5 in Fighting
  4729 | D:5      | Reached skill level 5 in Axes
  4741 | D:5      | Reached skill level 1 in Dodging
  4857 | D:5      | Gained mutation: You regenerate a little health from kills.
                  | [demonic ancestry]
  4857 | D:5      | Reached XP level 8. HP: 57/62 MP: 5/8
  5081 | D:6      | Reached skill level 6 in Axes
  5085 | D:6      | Reached skill level 5 in Shields
  5103 | D:6      | Got an ancient robe
  5114 | D:6      | Identified the +5 robe of Wu Jian's Hope {MR+ Str+2} (You
                  | found it on level 6 of the Dungeon)
  5170 | D:6      | Found a shimmering altar of Xom.
  5591 | D:7      | Found a staircase to the Ecumenical Temple.
  5613 | Temple   | Entered the Ecumenical Temple
  5617 | Temple   | Became a worshipper of Warmaster Okawaru
  5724 | D:7      | Reached * piety under Okawaru
  5724 | D:7      | Reached skill level 7 in Axes
  5724 | D:7      | Reached XP level 9. HP: 30/69 MP: 5/9
  5999 | D:7      | Noticed Menkaure
  6010 | D:7      | Killed Menkaure
  6010 | D:7      | Reached skill level 5 in Armour
  6544 | D:7      | Reached ** piety under Okawaru
  6577 | D:7      | Reached skill level 8 in Axes
  7064 | D:8      | Noticed a two-headed ogre
  7078 | D:8      | Killed a two-headed ogre
  7078 | D:8      | Reached skill level 1 in Stealth
  7253 | D:8      | Reached XP level 10. HP: 75/77 MP: 10/10
  7592 | D:8      | Found Zaggucs's Gadget Shoppe.
  7696 | D:8      | Reached skill level 9 in Axes
  7768 | D:8      | Reached *** piety under Okawaru
  8259 | D:9      | Found a snail-covered altar of Cheibriados.
  8391 | D:9      | Paralysed by a hornet for 3 turns
  8435 | D:9      | Reached **** piety under Okawaru
  9016 | D:10     | Entered Level 10 of the Dungeon
  9084 | D:10     | Noticed a death yak
  9084 | D:10     | Noticed a death yak
  9085 | D:10     | Noticed a cyclops
  9131 | D:9      | HP: 1/79 [death yak (18)]
  9135 | D:9      | Killed a death yak
  9135 | D:9      | Received a gift from Okawaru
  9135 | D:9      | Reached skill level 10 in Axes
  9472 | D:10     | Killed a death yak
  9472 | D:10     | Reached XP level 11. HP: 57/84 MP: 7/11
  9574 | D:10     | Hit by a large rock thrown by a cyclops

Vault maps used:
D:1:      tarquinn_simple_flora_water_a
D:2:      overflow_temple_1_default, uniq_crazy_yiuf_cottage
D:3:      old_standard_altar, first_ration, minmay_ruptured
D:5:      chequers_temple_overflow_statue_of_worship
D:6:      nicolae_overflow_hidden_temple
D:7:      minmay_inner_zag, minmay_temple_entry_statues_pillars,
          grunt_livestock, uniq_menkaure
D:8:      serial_shops, nicolae_shop_behind_doors
D:9:      basic_altar, roderic_lattice_a, minmay_shattered_shrine
D:10:     dpeg_lair_monsters, orc_0_dummy, nooodl_orcs_dogs
Temple:   nicolae_temple_x_marks_the_god

Skill      XL: |  1  2  3  4  5  6  7  8  9 10 |
---------------+-------------------------------+-----
Armour         | 3 4 5 |  5.8
Shields        | 3 4 5 6 7 |  7.3
Axes           | 2 3 4 5 7 8 10 | 10.3
Fighting       | 4 5 6 7 |  7.4
Dodging        | 1 2 3 4 |  4.6
Stealth        | 1 |  1.5
Invocations    | |  0.5

Action                   |  1- 3 |  4- 6 |  7- 9 | 10-12 || total
-------------------------+-------+-------+-------+-------++-------
Melee: War axe           |   109 |   179 |   397 |   302 ||   987
       Headbutt          |       |    21 |    82 |    63 ||   166
Invok: Heroism           |       |       |     2 |     3 ||     5
  Use: Scroll            |     1 |     7 |     9 |       ||    17
       Potion            |       |     1 |     1 |       ||     2
  Eat: Chunk             |     1 |    10 |    11 |     4 ||    26
       Ration            |       |       |       |     3 ||     3
Armor: Scale mail        |    53 |    50 |       |       ||   103
       Chain mail        |       |    32 |    29 |       ||    61
       Ring mail         |       |       |   147 |   111 ||   258
Dodge: Dodged            |    37 |    53 |   147 |    89 ||   326
Block: Shield            |    65 |   110 |   254 |   123 ||   552

Table legend:
 A = Non-vault XP
 B = Vault XP
 C = Vault XP percentage of total XP
 D = Non-vault monster count
 E = Vault monster count
 F = Vault count percentage of total count
                 A         B        C        D         E       F
            +---------+---------+-------+---------+---------+-------
      Total |    7332 |    3657 |  33.3 |     200 |      19 |   8.7
            +---------+---------+-------+---------+---------+-------
        D:1 |      25 |       0 |   0.0 |      16 |       0 |   0.0
        D:2 |     126 |      40 |  24.1 |      28 |       1 |   3.4
        D:3 |      84 |       4 |   4.5 |      18 |       3 |  14.3
        D:4 |     303 |       0 |   0.0 |      14 |       0 |   0.0
        D:5 |     852 |       0 |   0.0 |      34 |       0 |   0.0
        D:6 |     688 |       0 |   0.0 |      19 |       0 |   0.0
        D:7 |     867 |    1305 |  60.1 |      21 |       8 |  27.6
        D:8 |    2043 |       0 |   0.0 |      31 |       0 |   0.0
        D:9 |    2155 |    1455 |  40.3 |      18 |       6 |  25.0
       D:10 |     189 |     853 |  81.9 |       1 |       1 |  50.0
            +---------+---------+-------+---------+---------+-------
